 Dungeon Crawl Stone Soup version 0.31-a0-177-g4aa6249778 (webtiles) character file.

Game seed: 11899349496207394525

62 Elmgren the Trooper (level 3, -2/52 HPs)
             Began as a Minotaur Berserker on June 19, 2023.
             Was a Believer of Trog.
             Slain by a gnoll
             ... wielding a +0 halberd
              (9 damage)
             ... on level 2 of the Dungeon.
             The game lasted 00:01:29 (1132 turns).

Elmgren the Trooper (Minotaur Berserker)            Turns: 1132, Time: 00:01:30

Health: -2/52      AC:  2    Str: 23    XL:     3   Next: 85%
Magic:  2/2        EV: 12    Int:  4    God:    Trog [**....]
Gold:   74         SH:  0    Dex:  9    Spells: 2/2 levels left

rFire   . . .        a - +0 hand axe
rCold   . . .        (no shield)
rNeg    . . .        b - +0 animal skin
rPois   .            (helmet restricted)
rElec   .            (no cloak)
rCorr   .            (no gloves)
SInv    .            (no boots)
Will    .....        (no amulet) Stlth
                     (no ring)
HPRegen 0.28/turn    (no ring)
MPRegen 0.08/turn

%: no passive effects
@: berserking, very quick
A: horns 2, retaliatory headbutt
a: Renounce Religion, Berserk, Trog's Hand


You were on level 2 of the Dungeon.
You worshipped Trog.
Trog was pleased with you.
You visited 1 branch of the dungeon, and saw 2 of its levels.

You collected 74 gold pieces.

Inventory:

Hand Weapons
 a - a +0 hand axe (weapon)
Armour
 b - a +0 animal skin (worn)
Scrolls
 d - a scroll of fog {unknown}
 e - a scroll of identify {unknown}
 g - a scroll of torment {unknown}
Potions
 c - 2 potions of curing {unknown}
 f - a potion of berserk rage {unknown}
 h - a potion of lignification {unknown}
 i - a potion of resistance {unknown}
 j - a potion of degeneration {unknown}


   Skills:
 + Level 4.8 Fighting
 + Level 4.8 Axes
 - Level 2.4 Armour
 - Level 2.1 Dodging


You had 2 spell levels left.
You didn't know any spells.
Your spell library was empty.

Dungeon Overview and Level Annotations

Branches:
Dungeon (2/15)

Altars:


Innate Abilities, Weirdness & Mutations

You have a pair of horns on your head.
You reflexively headbutt those who attack you in melee.


Message History

There are monsters nearby!
You barely miss the gnoll. The gnoll closely misses you.
The gnoll hits you with a +0 flail!
There are monsters nearby!
You slash the gnoll! Your headbutt misses the gnoll.
The gnoll is heavily wounded.
The gnoll barely misses you. The gnoll closely misses you.
There are monsters nearby!
You barely miss the gnoll. The gnoll closely misses you. x2
There are monsters nearby!
You completely miss the gnoll. The gnoll closely misses you.
The gnoll hits you with a +0 flail.
There are monsters nearby!
You hit the gnoll. You headbutt the gnoll.
The gnoll is severely wounded.
The gnoll hits you with a +0 flail. The gnoll closely misses you.
There are monsters nearby!
You are too injured to fight recklessly!
There are monsters nearby!
You are too injured to fight recklessly!
There are monsters nearby!
You are too injured to fight recklessly!
There are monsters nearby!
You are too injured to fight recklessly!
There are monsters nearby!
You are too injured to fight recklessly!
There are monsters nearby!
You are too injured to fight recklessly!
There are monsters nearby!
A red film seems to cover your vision as you go berserk!
You feel yourself moving faster!
You feel mighty! The gnoll closely misses you.
The gnoll hits you from afar with a +0 halberd.
You hit the gnoll.
The gnoll is severely wounded.
You hit the gnoll.
The gnoll is almost dead.
The gnoll hits you with a +0 flail!
* * * LOW HITPOINT WARNING * * *
The gnoll hits you from afar with a +0 halberd!
You die...

#### ...# #####
...###############g.....
...'.).)........@ggg....
...########.....##r.....
...# #.....# ..... ####
####### .... .). #.


You could see 4 gnolls and a rat.

Vanquished Creatures
  An adder (D:2)
  A worm (D:2)
  3 endoplasms
  3 giant cockroaches (D:1)
  4 goblins
  5 hobgoblins
  7 jackals (D:1)
  5 kobolds
  A quokka (D:1)
  4 ball pythons
  6 bats
  2 frilled lizards (D:2)
  2 rats (D:1)
44 creatures vanquished.

Notes
Turn   | Place    | Note
-------+----------+-------------------------------------------
     0 | D:1      | Elmgren the Minotaur Berserker began the quest for the Orb.
     0 | D:1      | Reached XP level 1. HP: 19/19 MP: 0/0
   205 | D:1      | Reached XP level 2. HP: 26/27 MP: 1/1
   405 | D:1      | Found a faded altar of an unknown god.
   504 | D:1      | Reached XP level 3. HP: 33/34 MP: 2/2
   551 | D:1      | Reached ** piety under Trog
  1132 | D:2      | Slain by a gnoll

Illustrated notes

Levels and vault maps discovered:
D:1:      eino_arrival_druids_welcome, layout_loops_ring,
          hellmonk_ecumenical_altar_blasted
D:2:      layout_basic, nicolae_figureground_pulse

Skill      XL: |  1 |
---------------+----+-----
Fighting       | 4 |  4.8
Axes           | 4 |  4.8
Armour         | |  2.4
Dodging        | |  2.1

Action                     || total
---------------------------++-------
  Melee: Hand axe          ||    92
         Headbutt          ||    14
 Invoke: Berserk           ||     1
 Armour: Animal skin       ||    14
  Dodge: Dodged            ||    81

Table legend: (Time is in decaauts)
 A = Elapsed time spent in this place.
 B = Non-inter-level travel time spent in this place.
 C = Inter-level travel time spent in this place.
 D = Time resting spent in this place.
 E = Time spent auto-exploring this place.
 F = Levels seen in this place.
 G = Mean time per level.
                   A        B        C        D        E       F      G
               +--------+--------+--------+--------+--------+-----+--------+
         Total |   1139 |   1112 |     27 |     37 |    866 |   2 |  569.5 |
       Dungeon |   1139 |   1112 |     27 |     37 |    866 |   2 |  569.5 |
               +--------+--------+--------+--------+--------+-----+--------+

Top non-repeatable levels by time:
     D:1: 765 daAuts
     D:2: 373 daAuts
